cohdb
Replays
Latest Replays
All Replays
Popular Replays
Top Player Replays
Match Explorer
How It Works
Community
CoH3 Stats
Reddit
Sign in to upload your games and track your stats! →
Sign in with Steam
Match 41195390
Unlisted
Match 41195390
Overview
Messages
Build Orders
End
Panzerpioneer Squad
Selects Armored Support Battlegroup
Panzerpioneer Squad
Panzerpioneer Squad
250 Light Carrier
Construct Light Support Kompanie
MG34 Team
Fire Support Elements
Pak 38 Anti-tank Gun Team
le.IG 18 Mechanized Group
Veteran Squad Leaders
Construct Panzerarmee Kommand
Forward Retreat Point
Armored Reserves
Selects Salvage Kits
Selects Panzer Storm
Panzer IV Assault Group
2.5-tonne Medical Truck
Emergency Repair Kits
Rapid Advance
Panzer Storm
Selects Stuka Anti-tank Loiter
Stuka Anti-tank Loiter
UH|dun! ツ
UH|ck
UH|XTC
insane
Chongsu
Mechanic
Mr.exploit
Strogggo
0
0
Comments
sign in to comment!
No comments posted yet!